 Dungeon Crawl Stone Soup version 0.30.1-3-gfc49f6343a (webtiles) character file.

Game seed: 13467611190895970912

61 javelincjr the Trooper (level 3, -4/27 (29) HPs)
             Began as a Demonspawn Fighter on Aug 8, 2023.
             Slain by Terence
             ... wielding a +3 falchion of holy wrath
              (11 damage)
             ... on level 2 of the Dungeon.
             The game lasted 00:03:08 (1219 turns).

javelincjr the Trooper (Demonspawn Fighter)         Turns: 1219, Time: 00:03:10

HP:   -4/27 (29)    AC:  8    Str: 18    XL:     3   Next: 83%
MP:   3/3           EV:  9    Int:  9    God:
Gold: 47            SH:  4    Dex: 12    Spells: 2/2 levels left

rFire   . . .        e - +1 hand axe (heavy)
rCold   . . .        c - +0 buckler
rNeg    . . .        b - +0 scale mail
rPois   .            (no helmet)
rElec   .            (no cloak)
rCorr   .            (no gloves)
SInv    .            (no boots)
Will    .....        (no amulet) Stlth
                     (no ring)
HPRegen 0.24/turn    (no ring)
MPRegen 0.08/turn

%: no passive effects
@: drained
A: claws 1, yellow scales 1
a: no special abilities


You were on level 2 of the Dungeon.
You visited 1 branch of the dungeon, and saw 2 of its levels.

You collected 47 gold pieces.

Inventory:

Hand Weapons
 a - a +0 trident
 e - a +1 heavy hand axe (weapon)
Armour
 b - a +0 scale mail (worn)
 c - a +0 buckler (worn)
Scrolls
 i - a scroll of identify {unknown}
 k - a scroll of blinking {unknown}
 l - a scroll of noise {unknown}
 m - a scroll of poison {unknown}
Potions
 d - a potion of might
 f - 2 potions of heal wounds {unknown}
 g - a potion of flight {unknown}
 h - a potion of degeneration {unknown}
 j - a potion of magic {unknown}


   Skills:
 + Level 3.5 Fighting
 + Level 2.3 Polearms
 + Level 3.2 Armour
 + Level 3.2 Shields


You had 2 spell levels left.
You didn't know any spells.
Your spell library contained the following spells:

 Spells                   Type           Power      Damage    Failure   Level
 Apportation              Tloc           0%         N/A       85%         1
 Necrotise                Necr           0%         1d4       85%         1
 Summon Small Mammal      Summ           0%         N/A       85%         1
 Call Canine Familiar     Summ           0%         N/A       99%         3
 Summon Guardian Golem    Hex/Summ       0%         N/A       99%         3
 Orb of Destruction       Conj           0%         9d5       100%        7
 Spellforged Servitor     Conj/Summ      0%         N/A       100%        7


Dungeon Overview and Level Annotations

Branches:
Dungeon (2/15)

Altars:

Annotations:
D:2 Terence


Innate Abilities, Weirdness & Mutations

You have sharp fingernails.
You are partially covered in yellow scales. (AC +2)


Message History

You kill the hobgoblin!
The goblin unwields a +0 club.
The goblin wields a +0 sling of draining.
You sense an unholy aura.
The goblin shoots a sling bullet.
You block the sling bullet.
You hit Terence.
Terence is moderately wounded.
The goblin shoots a sling bullet.
The sling bullet barely misses you. You block Terence's attack.
The goblin shoots a sling bullet.
The sling bullet barely misses you.
You hit Terence.
Terence is moderately wounded.
Terence hits you with a +3 falchion of holy wrath.
You convulse.
The goblin shoots a sling bullet.
The sling bullet hits you.
You feel drained. You block Terence's attack.
An endoplasm comes into view.
The goblin shoots a sling bullet.
The sling bullet closely misses you.
The endoplasm quivers.
You hit Terence.
Terence is heavily wounded.
Terence hits you with a +3 falchion of holy wrath.
You convulse.
The goblin shoots a sling bullet.
The sling bullet hits you.
* * * LOW HITPOINT WARNING * * *
You feel drained.
Terence hits you with a +3 falchion of holy wrath.
* * * LOW HITPOINT WARNING * * *
You convulse.
* * * LOW HITPOINT WARNING * * *
The goblin shoots a sling bullet.
You block the sling bullet.
You are too injured to fight recklessly!
Unknown command.
You are too injured to fight recklessly!
You closely miss Terence.
Terence is heavily wounded.
You slash the endoplasm!
You kill the endoplasm!
Terence closely misses you. Terence says, "Did you write a will?
You should..."
Terence hits you with a +3 falchion of holy wrath!
You die...

#. .###.. .####.
...#. ...... ...'
.... #..... ...
..........# #.
.>..#..
..........# #.
.... ..........+ .
##†####..........#
. #...@@.# #.....#
#......## #.....#
#.###...####.....#
...
###.....#.....#
...##
#........#'#######
....
#........#.##.....
...
#........#.##.....
...
#........#.##.....
#..........##.....


You could see Terence.

Vanquished Creatures
  An adder (D:2)
  A worm (D:2)
  3 endoplasms
  2 giant cockroaches (D:1)
  7 goblins
  3 hobgoblins
  5 jackals
  A quokka (D:2)
  7 ball pythons
  5 bats
  3 frilled lizards
  5 kobolds (D:1)
  5 rats
48 creatures vanquished.

Notes
Turn   | Place    | Note
-------+----------+-------------------------------------------
     0 | D:1      | javelincjr the Demonspawn Fighter began the quest for the
                  | Orb.
     0 | D:1      | Reached XP level 1. HP: 18/18 MP: 1/1
   141 | D:1      | Gained mutation: You have sharp fingernails. [demonic
                  | ancestry]
   141 | D:1      | Reached XP level 2. HP: 22/24 MP: 2/2
   515 | D:1      | Gained mutation: You are partially covered in yellow
                  | scales. (AC +2) [demonic ancestry]
   515 | D:1      | Reached XP level 3. HP: 29/29 MP: 3/3
  1212 | D:2      | Noticed Terence
  1219 | D:2      | Slain by Terence

Illustrated notes

Levels and vault maps discovered:
D:1:      sevenhm_arrival_forest_fort_large_2, layout_basic
D:2:      layout_basic, uniq_terence

Skill      XL: |  1  2 |
---------------+-------+-----
Polearms       | 2 |  2.3
Armour         | 3 |  3.2
Shields        | 3 |  3.2
Fighting       | |  3.5

Action                     || total
---------------------------++-------
  Melee: Hand axe          ||   124
 Armour: Scale mail        ||    85
  Dodge: Dodged            ||    71
  Block: Buckler           ||    44
